 Dungeon Crawl Stone Soup version 0.21.1-1-g345015f (webtiles) character file.

66 Kairos the Chopper (level 3, -1/31 HPs)
             Began as a Minotaur Skald on Apr 27, 2018.
             Killed by divine providence
             ... invoked by an orc priest
              (15 damage)
             ... on level 3 of the Dungeon.
             The game lasted 00:01:34 (2004 turns).

Kairos the Chopper (Minotaur Skald)                 Turns: 2004, Time: 00:01:34

Health: -1/31      AC:  3    Str: 15    XL:     3   Next: 96%
Magic:  4/4        EV: 12    Int: 11    God:
Gold:   67         SH:  0    Dex:  9    Spells: 4/5 levels left

rFire    . . .     SeeInvis .   a - +0 hand axe
rCold    . . .     Gourm    .   (no shield)
rNeg     . . .     Faith    .   b - +0 leather armour
rPois    .         Spirit   .   (helmet restricted)
rElec    .         Reflect  .   (no cloak)
rCorr    .         Harm     .   (no gloves)
MR       +....                  (no boots)
Stlth    +.........             (no amulet)
HPRegen  0.10/turn              i - ring of protection from magic
MPRegen  0.09/turn              (no ring)

@: no status effects
A: retaliatory headbutt, horns 2
a: no special abilities


You were on level 3 of the Dungeon.
You were not hungry.

You visited 1 branch of the dungeon, and saw 3 of its levels.

You collected 67 gold pieces.

Inventory:

Hand Weapons
 a - a +0 hand axe (weapon)
Armour
 b - a +0 leather armour (worn)
Jewellery
 i - a ring of protection from magic (left hand)
Scrolls
 g - a scroll of noise {unknown}
 h - 2 scrolls of identify {unknown}
 j - 4 scrolls of remove curse {unknown}
 k - a scroll of immolation {unknown}
 m - a scroll of magic mapping {unknown}
 n - a scroll of random uselessness {unknown}
 o - a scroll of amnesia {unknown}
 p - 2 scrolls of enchant armour {unknown}
 q - a scroll of blinking {unknown}
Potions
 e - a potion of cancellation {unknown}
 f - a potion of degeneration {unknown}
 l - a potion of brilliance {unknown}
Books
 c - a book of Battle

   Spells                             Type                      Level
   a - Infusion                       Charms                       1
   b - Shroud of Golubria             Charms/Translocation         2
   c - Song of Slaying                Charms                       2
   d - Spectral Weapon                Hexes/Charms                 3
   e - Regeneration                   Charms/Necromancy            3
Comestibles
 d - 6 rations


   Skills:
 + Level 3.1 Fighting
 + Level 3.3 Axes
 + Level 1.7 Armour
 + Level 2.5 Dodging
 + Level 0.1 Stealth
 + Level 1.5 Spellcasting
 + Level 2.3 Charms


You had 4 spell levels left.
You knew the following spells:

 Your Spells              Type           Power        Failure   Level  Hunger
a - Infusion              Chrm           #...         14%         1    ##.....


Dungeon Overview and Level Annotations

Branches:
Dungeon (3/15)

Altars:
Ashenzari
Dithmenos
Fedhas
Gozag
Sif Muna
Trog
Xom


Innate Abilities, Weirdness & Mutations

You reflexively headbutt those who attack you in melee.
You have a pair of horns on your head.


Message History

2 orcs come into view.
An orc is wielding a hand axe of freezing.
The orc shouts! x2; You hear a shout! x2
The orc moves out of view.
You hear a shout! x2
An orc priest and an orc wizard come into view.
A hobgoblin comes into view. It is wielding a club.
The hobgoblin shouts!
The worm bites you!
You hit the orc.
The orc is severely wounded.
You hit the worm. The worm bites you!
A goblin and an orc priest come into view.
You are too injured to fight recklessly!
You are too injured to fight recklessly!
Unknown command.
The orc wizard hits you but does no damage.
The orc priest mumbles some strange prayers to Beogh against you.
Beogh smites you!
You die...

..........)..###...####...
....)_(.⌠.._.#...#.## ###
...............#.#..# #.
..#.._..._.##......#### #.
#.....................#####.###
#.........######.##.......##....
#........## ##...#...#.........
#......### ###.........#####....
#......#####...@................
........................#####..#
.......######..o.............#..
##...............###
##o..#..........##.
##g#####.......##. #o##
#.###.........##.
##...o#wo...#.......##.
.g....wo#####.......##.


You could see a worm, an orc priest, an orc wizard, an orc and a hobgoblin.

Vanquished Creatures
  2 adders (D:3)
  A worm (D:3)
  A dart slug (D:2)
  A ball python (D:1)
  3 giant cockroaches
  5 goblins
  5 hobgoblins
  3 jackals (D:3)
  A quokka (D:2)
  5 bats
  5 frilled lizards
  5 kobolds
  8 rats
45 creatures vanquished.

Notes
Turn   | Place    | Note
-------+----------+-------------------------------------------
     0 | D:1      | Kairos the Minotaur Skald began the quest for the Orb.
     0 | D:1      | Reached XP level 1. HP: 18/18 MP: 1/1
   244 | D:1      | Reached XP level 2. HP: 21/25 MP: 3/3
  1212 | D:2      | Reached XP level 3. HP: 31/31 MP: 4/4
  1268 | D:2      | Found a shadowy altar of Dithmenos.
  1783 | D:3      | Found a blossoming altar of Fedhas.
  1794 | D:3      | Found a bloodstained altar of Trog.
  1799 | D:3      | Found a shattered altar of Ashenzari.
  1800 | D:3      | Found a deep blue altar of Sif Muna.
  1800 | D:3      | Found an opulent altar of Gozag.
  1800 | D:3      | Found a shimmering altar of Xom.
  2004 | D:3      | Killed from afar by an orc priest

Skill      XL: |  1  2  3 |
---------------+----------+-----
Fighting       | 3 |  3.1
Axes           | 3 |  3.3
Armour         | |  1.7
Dodging        | |  2.5
Stealth        | |  0.1
Spellcasting   | |  1.5
Charms         | |  2.3

Action                   || total
-------------------------++-------
Melee: Hand axe          ||   105
       Headbutt          ||    15
  Eat: Chunk             ||     3
Armor: Leather armour    ||    31
Dodge: Dodged            ||    87
